 Dungeon Crawl Stone Soup version 0.29.1-1-gd02db6906a (webtiles) character file.

Game seed: 9815509117559233629

1243 LabCoat the Chopper (level 8, 0/70 HPs)
             Began as a Hill Orc Fighter on Sept 18, 2022.
             Was a Follower of Trog.
             Succumbed to Ijyb's poison
             ... on level 5 of the Dungeon.
             The game lasted 00:12:14 (4572 turns).

LabCoat the Chopper (Hill Orc Fighter)              Turns: 4572, Time: 00:12:15

Health: 0/70       AC: 11    Str: 21    XL:     8   Next: 50%
Magic:  8/8        EV:  7    Int:  8    God:    Trog [*.....]
Gold:   246        SH:  5    Dex: 10    Spells: 7/7 levels left

rFire   . . .      SeeInvis .   a - +1 war axe
rCold   + . .      Faith    .   c - +0 buckler
rNeg    + . .      Spirit   .   e - +0 chain mail
rPois   .          Reflect  .   v - +0 helmet "Evoosch" {+Inv rC+ rN+}
rElec   .          Harm     .   (no cloak)
rCorr   .          Rampage  .   (no gloves)
Will    .....                   (no boots)
Stlth   ..........              (no amulet)
HPRegen 0.21/turn               (no ring)
MPRegen 0.11/turn               (no ring)

@: lethally poisoned (0 -> -38)
A: no striking features
a: Renounce Religion, Evoke Invisibility, Berserk


You were on level 5 of the Dungeon.
You worshipped Trog.
Trog was aware of your devotion.
You visited 2 branches of the dungeon, and saw 6 of its levels.

You collected 246 gold pieces.

Inventory:

Hand Weapons
 a - a +1 war axe (weapon)
 l - a +4 flail of draining
Missiles
 o - 2 poisoned darts (quivered)
 t - 3 javelins
Armour
 c - a +0 buckler (worn)
 e - a +0 chain mail (worn)
 k - a +0 helmet
 v - the +0 helmet "Evoosch" (worn) {+Inv rC+ rN+}
   (You acquired it on level 4 of the Dungeon)

   rC:        It protects you from cold.
   rN:        It protects you from negative energy.
   +Inv:      It lets you turn invisible.
Jewellery
 n - a ring of fire
Wands
 f - a wand of polymorph (7)
 i - a wand of flame (5)
Scrolls
 h - 3 scrolls of teleportation
 p - a scroll of acquirement
 q - a scroll of enchant weapon
 r - a scroll of fog {unknown}
 u - a scroll of torment {unknown}
 w - a scroll of magic mapping {unknown}
 x - a scroll of vulnerability {unknown}
Potions
 b - a potion of lignification {unknown}
 d - 2 potions of might
 j - a potion of magic
 s - 3 potions of flight


   Skills:
 + Level 5.7 Fighting
 * Level 7.4 Axes
 + Level 3.2 Throwing
 + Level 5.2 Armour
 + Level 5.1 Shields
 + Level 3.3 Evocations


You had 7 spell levels left.
You didn't know any spells.
Your spell library contained the following spells:

 Spells                   Type           Power      Damage    Failure   Level
 Apportation              Tloc           0%         N/A       99%         1
 Necrotise                Necr           0%         1d4       99%         1
 Summon Small Mammal      Summ           0%         N/A       99%         1
 Blink                    Tloc           0%         N/A       100%        2
 Static Discharge         Conj/Air       0%         3-3/arc   100%        2
 Lesser Beckoning         Tloc           0%         N/A       100%        3
 Ozocubu's Armour         Ice            0%         N/A       100%        3
 Petrify                  Tmut/Erth      0%         N/A       100%        4
 Lightning Bolt           Conj/Air       0%         1d11      100%        5
 Manifold Assault         Tloc           0%         N/A       100%        5
 Metabolic Englaciation   Hex/Ice        0%         N/A       100%        5
 Statue Form              Tmut/Erth      0%         N/A       100%        6
 Ozocubu's Refrigeration  Ice            0%         4d7       100%        7
 Maxwell's Capacitive Co  Air            0%         ∞         100%        8


Dungeon Overview and Level Annotations

Branches:
Dungeon (5/15)             Temple (1/1) D:4

Altars:
Ashenzari
Cheibriados
Dithmenos
Elyvilon
Fedhas
Gozag
Hepliaklqana
Kikubaaqudgha
Makhleb
Nemelex Xobeh
Okawaru
Ru
Sif Muna
Trog
Uskayaw
Wu Jian
Xom
Yredelemnul
Zin
The Shining One

Shops:
D:3 *

Annotations:
D:5 Ijyb


Message History

You are more poisoned.
Ijyb hits you with a +2 dagger of venom.
You are more poisoned.
Okay, then.
You fail to use your ability.
You feel extremely sick. Ijyb hits you but does no damage.
You are more poisoned.
You hit Ijyb.
Ijyb is severely wounded.
You feel extremely sick. Ijyb hits you but does no damage.
Ijyb hits you with a +2 dagger of venom.
You barely miss Ijyb.
Ijyb is severely wounded.
You feel very sick. Ijyb hits you but does no damage.
You are more poisoned.
Ijyb hits you with a +2 dagger of venom.
You are lethally poisoned!
You feel much better.
You feel extremely sick.
Ijyb hits you with a +2 dagger of venom.
You closely miss Ijyb.
Ijyb is severely wounded.
You feel extremely sick. You block Ijyb's attack. Ijyb barely misses you.
You hit Ijyb.
Ijyb is severely wounded.
* * * LOW HITPOINT WARNING * * *
You feel extremely sick. Ijyb hits you but does no damage.
You are more poisoned.
Ijyb hits you with a +2 dagger of venom!
* * * LOW HITPOINT WARNING * * *
You are more poisoned.
Blink to where?
Press: ? - help, Dir - move target, p - Ijyb
As you read the scroll of blinking, it crumbles to dust.
You die...

..........###.........#
...........##.........#
...........#.......#...
.(.................##.#
.......#.#....#######.##
.....#.#.#....# ##..##
......#.......# ##....##
#.#...##.#..#######......#
.
####.#####..##..@........##
.# ###
#......#..##.....##(((
###....##............#
###.....##.(...(..#
##........§g....#
.......##.#......##
.......##..#......#
......####..>..#..## .#....
#....#####


There were no monsters in sight!

Vanquished Creatures
  Pikel (D:5)
  Eustachio (D:4)
  Duvessa (D:5)
  An ogre (D:4)
  A lemure (D:5)
  A scorpion (D:4)
  Dowan (D:5)
  A crimson imp (D:3)
  An orc priest (D:4)
  A jelly (D:5)
  2 hounds
  An iguana (D:3)
  Robin (D:2)
  5 adders
  4 gnolls (D:2)
  A shadow imp (D:5)
  3 worms
  2 dart slugs
  11 orcs
  5 endoplasms
  3 giant cockroaches (D:1)
  13 goblins
  7 hobgoblins
  7 jackals
  3 quokkas
  7 ball pythons
  4 bats
  A frilled lizard (D:3)
  A goblin skeleton (D:3)
  3 goblin zombies (D:3)
  3 kobolds
  2 kobold skeletons (D:3)
  An orc skeleton (D:3)
  3 rats
103 creatures vanquished.

Notes
Turn   | Place    | Note
-------+----------+-------------------------------------------
     0 | D:1      | LabCoat the Hill Orc Fighter began the quest for the Orb.
     0 | D:1      | Reached XP level 1. HP: 19/19 MP: 1/1
    24 | D:1      | Found a faded altar of an unknown god.
   284 | D:1      | Reached skill level 3 in Axes
   412 | D:1      | Reached XP level 2. HP: 27/27 MP: 2/2
  1239 | D:2      | Reached XP level 3. HP: 33/33 MP: 3/3
  1258 | D:2      | Noticed Robin
  1282 | D:2      | Killed Robin
  1432 | D:2      | Reached skill level 1 in Evocations
  1432 | D:2      | Reached XP level 4. HP: 29/40 MP: 4/4
  1551 | D:2      | Reached skill level 4 in Axes
  1551 | D:2      | Reached skill level 1 in Throwing
  2225 | D:3      | Found an opulent altar of Gozag.
  2231 | D:3      | Found an opulent altar of Gozag.
  2302 | D:3      | Found an opulent altar of Gozag.
  2304 | D:3      | Found an opulent altar of Gozag.
  2353 | D:3      | Reached XP level 5. HP: 46/46 MP: 5/5
  2368 | D:3      | Found a glowing golden altar of the Shining One.
  2702 | D:3      | Found Qemeacea's General Store.
  3097 | D:4      | Found a staircase to the Ecumenical Temple.
  3108 | Temple   | Entered the Ecumenical Temple
  3114 | Temple   | Became a worshipper of Trog the Wrathful
  3316 | D:4      | Noticed an ogre
  3326 | D:4      | Killed an ogre
  3327 | D:4      | Reached skill level 5 in Axes
  3327 | D:4      | Reached XP level 6. HP: 51/53 MP: 6/6
  3676 | D:4      | Identified 2 scrolls of acquirement
  3676 | D:4      | Acquired the +0 helmet "Evoosch" {+Inv rC+ rN+}
  3814 | D:5      | Entered Level 5 of the Dungeon
  3821 | D:5      | Reached XP level 7. HP: 60/60 MP: 7/7
  3975 | D:5      | Found a shimmering blue altar of Sif Muna.
  3987 | D:5      | Found the +8 trident of the Octopus King {venom, rElec
                  | rPois}
  4007 | D:5      | Noticed Duvessa
  4008 | D:5      | Noticed Dowan
  4014 | D:5      | Killed Duvessa
  4015 | D:5      | Reached skill level 5 in Fighting
  4015 | D:5      | Reached skill level 6 in Axes
  4015 | D:5      | Noticed Eustachio
  4027 | D:4      | Killed Eustachio
  4027 | D:4      | Reached * piety under Trog
  4065 | D:5      | Killed Dowan
  4270 | D:5      | Noticed Pikel
  4287 | D:5      | Killed Pikel
  4288 | D:5      | Reached skill level 7 in Axes
  4288 | D:5      | Reached skill level 5 in Armour
  4288 | D:5      | Reached skill level 5 in Shields
  4288 | D:5      | Reached XP level 8. HP: 32/70 MP: 8/8
  4556 | D:5      | Noticed Ijyb
  4572 | D:5      | Succumbed to Ijyb's poison

Illustrated notes

Levels and vault maps discovered:
D:1:      saegor_arrival_simple_b, layout_basic,
          ebering_ecumenical_altar_petrified
D:2:      layout_basic, uniq_robin
D:3:      layout_loops_ring, nicolae_gozag_conspicuous_consumption,
          nicolae_tso_besieged_by_evil, serial_shops, shop,
          grunt_decor_junction, kennysheep_path_1
D:4:      layout_cave_pools, minmay_temple_entry_stoned_glass
D:5:      layout_cave_pools, mainiacjoe_overflow_tiny_flanked, uniq_pikel,
          uniq_eustachio, uniq_ijyb, uniq_edmund, uniq_duvessa
Temple:   bh_familiar_temple

Skill      XL: |  1  2  3  4  5  6  7 |
---------------+----------------------+-----
Axes           | 3 4 5 7 |  7.4
Fighting       | 4 5 |  5.7
Evocations     | 1 2 3 |  3.3
Throwing       | 1 2 3 |  3.2
Armour         | 4 5 |  5.2
Shields        | 4 5 |  5.1

Action                   |  1- 3 |  4- 6 |  7- 9 || total
-------------------------+-------+-------+-------++-------
Melee: War axe           |    71 |   122 |    60 ||   253
Throw: Dart              |     3 |    28 |    16 ||    47
       Boomerang         |       |    51 |       ||    51
Invok: Berserk           |       |       |     1 ||     1
Evoke: Wand              |       |     2 |     1 ||     3
  Use: Scroll            |     4 |     5 |     4 ||    13
       Potion            |     1 |       |     4 ||     5
Armor: Scale mail        |    11 |       |       ||    11
       Chain mail        |    31 |    74 |    46 ||   151
Dodge: Dodged            |    26 |    39 |    21 ||    86
Block: Buckler           |    17 |    22 |    16 ||    55
